 Dungeon Crawl Stone Soup version 0.31.0-1-g2c135a008e (webtiles) character file.

Game seed: 16603534530507380422

12 qw the Shooter (level 2, 0/23 HPs)
             Began as a Djinni Hunter on Jan 23, 2024.
             Slain by a ball python (1 damage)
             ... on level 1 of the Dungeon.
             The game lasted 00:00:01 (134 turns).

qw the Shooter (Djinni Hunter)                       Turns: 134, Time: 00:00:01

Health: 0/23       AC:  3    Str: 10    XL:     2   Next: 45%
Gold:   39         EV:  9    Int: 10    God:
                   SH:  0    Dex: 16

rFire   + + .        a - +0 shortbow
rCold   x . .        (shield currently unavailable)
rNeg    . . .        c - +0 leather armour
rPois   inf          (no helmet)
rElec   .            (no cloak)
rCorr   .            (no gloves)
SInv    .            (boots unavailable)
Will    .....        (no amulet)
Stlth   +            (no ring)
HPRegen 0.23/turn    (no ring)
MPRegen 0.00/turn

%: infuse magic (-1 HP)
@: flying, constricted
A: sickness immunity, fire resistance 2, cold vulnerability 1, float, innate
caster, HP casting, extra vitality 1
a: no special abilities


You were on level 1 of the Dungeon.
You visited 1 branch of the dungeon, and saw 1 of its levels.

You collected 39 gold pieces.


Innate Abilities, Weirdness & Mutations

You are immune to sickness and miasma.
You are immune to poison.
Your flesh is very heat resistant. (rF++)
You are vulnerable to cold. (rC-)
You float through the air rather than walking.
You learn spells naturally, not from books.
Your magical power is your life essence.
You have superior vitality. (+4 MHP)


   Skills:
 - Level 2.0 Fighting
 + Level 3.7 Ranged Weapons
 - Level 2.1 Dodging
 - Level 0.7 Stealth You didn't know any spells. Your spell library was empty.

Inventory:

Hand Weapons
 a - a +0 shortbow (weapon)
Armour
 c - a +0 leather armour (worn)
Jewellery
 e - a ring of resist corrosion
Scrolls
 b - a scroll of butterflies
 d - a scroll of identify {unknown}
Potions
 f - a potion of brilliance {unknown}
 g - a potion of degeneration {unknown}

Dungeon Overview and Level Annotations

Branches:
Dungeon (1/15)

Altars:


Message History

The ball python constricts you. The kobold hits you with a +0 dagger.
You shoot an arrow.
The arrow barely misses the ball python.
The bat hits you. x2; The ball python bites you.
The ball python constricts you. The kobold hits you with a +0 dagger.
The bat closely misses you.
You shoot an arrow.
The arrow closely misses the ball python.
The bat hits you but does no damage. x2
The ball python bites you but does no damage.
The ball python constricts you. The kobold closely misses you.
The ball python bites you. The ball python constricts you.
The bat closely misses you.
You shoot an arrow.
The arrow closely misses the ball python.
The bat barely misses you. The kobold closely misses you.
The ball python closely misses you. The ball python constricts you.
The kobold hits you but does no damage.
You shoot an arrow.
The arrow hits the ball python but does no damage.
The bat hits you but does no damage.
The ball python bites you but does no damage.
The ball python constricts you. The ball python bites you.
The ball python constricts you. The kobold barely misses you.
You shoot an arrow.
The arrow closely misses the ball python.
The ball python closely misses you. The ball python constricts you.
The bat hits you but does no damage. The kobold hits you with a +0 dagger.
The ball python bites you. The ball python constricts you.
You shoot an arrow. The arrow hits the ball python.
The ball python is severely wounded.
The bat closely misses you. The kobold hits you with a +0 dagger.
The ball python bites you but does no damage.
The ball python constricts you.
You shoot an arrow.
The arrow hits the ball python but does no damage.
The ball python is moderately wounded.
The bat closely misses you. The kobold barely misses you.
The ball python bites you. The ball python constricts you.
The kobold hits you with a +0 dagger. The ball python bites you.
You die...

$..............
................
................
................
................
................
#......bSK......
#.....#@........
#..###........ ##.#
#........
#######.###.....%..
..........#......
.#######..#.#...
##...#.# #.....#
...............###....#


You could see a bat, a ball python and a kobold.

Vanquished Creatures
  2 dart slugs (D:1)
  A ball python (D:1)
  A hobgoblin (D:1)
  A quokka (D:1)
  A bat (D:1)
  A frilled lizard (D:1)
  2 rats (D:1)
9 creatures vanquished.

Notes
Turn   | Place    | Note
-------+----------+-------------------------------------------
     0 | D:1      | qw the Djinni Hunter began the quest for the Orb.
     0 | D:1      | Reached XP level 1. HP: 18/18 MP: 0/0
     0 | D:1      | 0 ||| qw: Version: 0.3-a-132-g3d54051
     0 | D:1      | 0 ||| qw: Game counter: 591
     0 | D:1      | 0 ||| qw: Melee chars always use a shield: true
     0 | D:1      | 0 ||| qw: God list: Okawaru
     0 | D:1      | 0 ||| qw: Allow faded altars: false
     0 | D:1      | 0 ||| qw: Do Orc after clearing Dungeon:15 true
     0 | D:1      | 0 ||| qw: Do second Lair branch before Depths: true
     0 | D:1      | 0 ||| qw: Lair rune preference: random
     0 | D:1      | 0 ||| qw: Goals: Normal
     0 | D:1      | 0 ||| PLANNING D:1-11
    96 | D:1      | Reached XP level 2. HP: 21/23 MP: 0/0
   134 | D:1      | HP: 4/23 [ball python (3)]
   134 | D:1      | HP: 1/23 [kobold/+0 dagger (3)]
   134 | D:1      | Slain by a ball python

Levels and vault maps discovered:
D:1:      lemuel_arrival_broad_hall, layout_rooms

Action                     || total
---------------------------++-------
   Fire: Shortbow          ||    33
 Armour: Leather armour    ||    27
  Dodge: Dodged            ||    23

Table legend:
 A = Non-vault XP
 B = Vault XP
 C = Vault XP percentage of total XP
 D = Non-vault monster count
 E = Vault monster count
 F = Vault count percentage of total count
                 A         B        C        D         E       F
            +---------+---------+-------+---------+---------+-------
      Total |      18 |       0 |   0.0 |       9 |       0 |   0.0
            +---------+---------+-------+---------+---------+-------
        D:1 |      18 |       0 |   0.0 |       9 |       0 |   0.0
            +---------+---------+-------+---------+---------+-------
